Map: 10000 Feet LE

Players

TheMarvGuard

  • Race: Zerg Zerg
  • League: Platinum
  • Spawn Location: 11:00

acjeis - Winner!

  • Race: Zerg Zerg
  • League: Gold
  • Spawn Location: 5:00

VOD

Have the link to the VOD?

Description

Time

  • Played on: Nov. 12, 2025, 9:48 a.m.
  • Length: 17:18
Show
View Real Time Build Order
Export as new Build Order

TheMarvGuard Zerg 

Build Orders: Pool First, Zergling Baneling 

Get SALT Encoding   

  12  0:00  Drone  
  13  0:09  Drone  
  14  0:18  Extractor  
  14  0:19  Extractor  
  14  0:20  Drone  
  13  0:22  Drone  
  13  0:27  Overlord  
  16  0:38  Overlord  
  16  0:50  Spawning Pool  
  16  0:54  Drone  
  16  0:57  Drone  
  17  1:06  Drone  
  17  1:09  Extractor  
  17  1:12  Extractor  
  16  1:19  Drone  
  17  1:27  Drone  
  18  1:39  Drone  
  19  1:40  Queen  
  21  1:53  Drone  
  22  1:54  Hatchery  
  22  1:59  Baneling Nest  
  20  2:08  Metabolic Boost  
  20  2:15  Drone  
  21  2:16  Drone  
  22  2:27  Queen  
  24  2:33  Zergling x2  
  24  2:35  Zergling x2  
  26  2:46  Zergling x2  
  26  2:50  Zergling x6  
  30  2:57  Overlord  
  30  3:10  Zergling x4  
  32  3:18  Zergling x4  
  34  3:30  Overlord  
  34  3:32  Zergling x2  
  35  3:47  Zergling x2  
  36  3:49  Overlord x4  
  36  3:56  Baneling  
  36  3:57  Baneling x6  
  36  3:58  Baneling  
  36  4:03  Drone  
  36  4:06  Drone  
  38  4:11  Drone  
  39  4:22  Drone x3  
  42  4:31  Queen  
  37  4:55  Zergling x16  
  40  5:04  Roach Warren  
  40  5:05  Drone  
  40  5:24  Drone  
  40  5:25  Drone x6  
  47  5:28  Baneling x3  
  47  5:29  Baneling  
  47  5:30  Baneling  
  47  5:32  Baneling  
  47  5:42  Drone x4  
  51  6:02  Roach x5  
  51  6:03  Roach x2  
  65  6:11  Extractor  
  65  6:12  Extractor  
  65  6:13  Drone  
  65  6:14  Drone x2  
  65  6:18  Lair  
  66  6:27  Roach x2  
  66  6:32  Ravager x3  
  73  6:35  Ravager  
  73  6:37  Roach  
  73  6:39  Overlord x3  
  76  6:58  Drone x3  
  76  7:00  Drone x2  
  81  7:10  Roach x2  
  85  7:23  Drone x5  
  85  7:24  Drone  
  86  7:30  Hatchery  
  86  7:34  Roach  
  86  7:36  Roach  
  89  7:42  Spire  
  88  7:52  Hatchery  
  88  7:57  Centrifugal Hooks  
  91  7:58  Roach x3  
  91  7:59  Roach  
  91  8:01  Ravager  
  96  8:05  Drone  
  96  8:08  Drone  
  96  8:12  Extractor  
  97  8:15  Drone x4, Extractor  
  97  8:16  Overlord  
  97  8:17  Overlord  
  100  8:26  Overseer x3  
  100  8:45  Spine Crawler  
  100  8:47  Spine Crawler  
  100  8:48  Spine Crawler  
  97  8:49  Drone  
  97  8:52  Drone x7  
  97  8:53  Spine Crawler, Drone x3  
  107  8:56  Spine Crawler, Zerg Flyer Weapons Level 1  
  107  8:59  Spore Crawler  
  104  9:17  Overlord x3  
  104  9:19  Mutalisk x5  
  104  9:20  Mutalisk  
  116  9:27  Spore Crawler, Drone  
  116  9:28  Drone x2  
  116  9:29  Drone x2  
  120  9:31  Drone  
  120  9:33  Drone x2  
  123  9:42  Queen  
  125  9:46  Queen  
  127  9:53  Mutalisk x2  
  127  9:54  Mutalisk x3  
  137  10:03  Infestation Pit  
  136  10:13  Mutalisk  
  136  10:14  Mutalisk x2  
  142  10:33  Mutalisk x3  
  148  10:42  Zergling x6  
  151  10:45  Overlord x8  
  151  10:50  Zerg Flyer Armor Level 1  
  149  11:16  Mutalisk x6  
  159  11:36  Corruptor x2  
  159  11:37  Corruptor x2  
  163  11:55  Corruptor x2  
  163  11:56  Corruptor  
  169  12:16  Corruptor x2, Mutalisk  
  175  12:46  Zerg Flyer Weapons Level 2  
  175  12:48  Pneumatized Carapace, Hive  
  175  12:59  Hatchery, Burrow  
  174  13:19  Zergling x14  
  182  13:20  Zergling x16  
  182  13:21  Zergling x14  
  182  13:22  Zergling x4  
  154  14:07  Mutalisk  
  154  14:08  Mutalisk x9  
  154  14:09  Mutalisk x3  
  96  14:26  Drone x9  
  96  14:27  Drone x5  
  110  14:35  Adrenal Glands  
  111  14:45  Zergling x4  
  111  14:46  Zergling x8  
  111  14:48  Zergling x4  
  111  14:49  Zergling x4  
  79  15:23  Zergling x6  
  79  15:24  Zergling x18  
  79  15:25  Zergling x12  
  71  16:02  Roach x2  
  71  16:03  Roach x9  
  71  16:04  Roach  
  92  16:16  Roach x6  
  92  16:17  Roach x3  
  85  16:26  Extractor  
  85  16:27  Hatchery, Extractor  
  76  16:37  Ravager x5  
  76  16:38  Ravager x4  
  79  16:41  Zergling x6  
  79  16:42  Zergling x16  
  79  16:43  Zergling x8  
  79  17:09  Hatchery  
Show
View Real Time Build Order
Export as new Build Order

acjeis Zerg - Winner!

Build Orders: Hatch First, Swarm Host 

Get SALT Encoding   

  12  0:01  Drone  
  13  0:08  Drone  
  14  0:16  Overlord  
  14  0:27  Extractor x2, Drone  
  13  0:29  Drone  
  16  0:37  Drone  
  17  0:55  Drone  
  18  0:58  Hatchery, Drone  
  18  1:07  Drone  
  19  1:15  Spawning Pool  
  19  1:17  Drone  
  19  1:30  Drone  
  20  1:47  Hatchery  
  19  1:49  Extractor  
  19  1:51  Extractor  
  17  2:00  Drone  
  17  2:01  Drone x2  
  20  2:05  Queen  
  22  2:14  Queen  
  24  2:19  Overlord  
  24  2:27  Zergling x2  
  24  2:28  Zergling x2  
  24  2:29  Zergling x2  
  27  2:34  Drone  
  28  2:45  Zergling x6  
  31  3:16  Drone x5  
  31  3:17  Drone  
  31  3:18  Drone x2  
  39  3:28  Drone  
  40  3:39  Spine Crawler  
  39  3:48  Spine Crawler  
  39  3:49  Zergling x4  
  39  3:50  Zergling x4  
  39  3:54  Metabolic Boost  
  42  3:55  Baneling Nest  
  41  4:03  Roach Warren  
  40  4:10  Drone  
  40  4:12  Drone  
  40  4:13  Overlord  
  40  4:16  Overlord  
  42  4:31  Lair  
  42  4:39  Baneling x2  
  33  4:59  Roach  
  34  5:00  Roach x5  
  44  5:13  Zergling x2  
  44  5:14  Zergling x10  
  49  5:16  Baneling  
  50  5:26  Drone x2  
  50  5:27  Drone  
  53  5:31  Infestation Pit  
  52  5:36  Roach x2  
  56  5:43  Baneling x4  
  56  5:55  Drone  
  57  5:57  Overlord  
  57  5:58  Overlord, Hatchery  
  57  6:04  Extractor, Drone  
  55  6:05  Drone  
  55  6:06  Extractor, Drone  
  57  6:20  Roach  
  57  6:21  Roach x3  
  65  6:33  Evolution Chamber x2  
  65  6:38  Swarm Host, Spire  
  65  6:46  Glial Reconstitution  
  65  6:53  Drone  
  67  6:54  Drone x3  
  67  6:55  Drone  
  70  7:12  Hydralisk Den  
  70  7:13  Zerg Missile Weapons Level 1  
  69  7:20  Drone  
  69  7:21  Drone x6  
  69  7:22  Drone  
  76  7:35  Infestor  
  78  7:43  Muscular Augments  
  78  7:46  Drone  
  78  7:48  Overlord x2  
  78  7:49  Overlord  
  79  8:00  Overseer  
  79  8:05  Overlord  
  79  8:07  Drone x7  
  79  8:08  Drone  
  87  8:27  Spine Crawler  
  87  8:28  Drone, Spine Crawler  
  87  8:29  Drone x6  
  92  8:37  Extractor  
  91  8:47  Zergling x2  
  91  8:48  Zergling x12  
  98  8:50  Corruptor  
  98  8:51  Corruptor  
  100  9:09  Swarm Host x3, Hydralisk  
  103  9:12  Overlord x4  
  111  9:18  Zerg Ground Armor Level 1  
  111  9:23  Zerg Missile Weapons Level 2  
  111  9:27  Zerg Flyer Weapons Level 1  
  111  9:36  Grooved Spines  
  111  9:37  Hydralisk  
  113  9:39  Hydralisk  
  113  9:43  Zergling x8  
  113  9:44  Zergling x2  
  120  10:00  Corruptor x2  
  120  10:04  Drone x6  
  130  10:10  Extractor, Drone x6  
  135  10:34  Hatchery  
  134  10:41  Hydralisk  
  134  10:42  Hydralisk x4  
  140  10:43  Hatchery  
  133  11:13  Zerg Melee Weapons Level 1  
  133  11:22  Zerg Flyer Armor Level 1, Spore Crawler  
  133  11:23  Spore Crawler  
  133  11:25  Spore Crawler  
  129  11:41  Spore Crawler  
  129  11:43  Drone x5, Spore Crawler  
  129  11:44  Drone x6  
  138  11:59  Drone  
  138  12:00  Drone x2  
  141  12:05  Spore Crawler  
  141  12:06  Spore Crawler  
  141  12:07  Spore Crawler  
  138  12:08  Drone  
  138  12:09  Drone x2, Spore Crawler  
  140  12:20  Drone x5  
  140  12:21  Drone x4  
  149  12:27  Spore Crawler  
  149  12:29  Spore Crawler  
  147  12:39  Drone x2, Spore Crawler  
  147  12:40  Drone x2  
  147  12:43  Hive  
  150  12:47  Extractor  
  150  12:49  Overlord x4  
  150  12:50  Overlord  
  149  13:07  Spore Crawler x5  
  149  13:08  Spore Crawler x2  
  149  13:09  Burrow  
  149  13:10  Drone x4  
  149  13:11  Drone x3  
  149  13:12  Corruptor  
  149  13:13  Corruptor x4  
  149  13:15  Zerg Flyer Weapons Level 2  
  149  13:19  Extractor  
  158  13:21  Extractor  
  158  13:24  Spore Crawler x2  
  155  13:27  Spore Crawler  
  155  13:28  Spore Crawler x2  
  155  13:30  Spore Crawler x2  
  150  13:37  Mutalisk x2  
  150  13:38  Mutalisk x3, Corruptor x3  
  119  14:21  Mutalisk x5  
  119  14:22  Roach  
  119  14:23  Roach x6  
  143  14:32  Zerg Missile Weapons Level 3, Zerg Ground Armor Level 2  
  143  14:41  Drone x4  
  144  15:35  Hydralisk x3  
  144  15:36  Hydralisk x2, Swarm Host x5  
  144  15:37  Swarm Host x5  
Tags
 
Add a new tag
Caveats
  • Supply blocks, unpowered buildings, or Contaminate may cause inaccurate times.
  • Supply counts are checked every 10 seconds.